 Dungeon Sprint DCSS version 0.31-a0-331-geda263fcf1 (webtiles) character file.

Game seed: 1905895655933263024

38591 HallandMoats the End of an Era (level 14, -4/119 HPs)
             Began as an Octopode Monk on July 19, 2023.
             Was the Champion of Qazlal.
             Slain by an iron golem (40 damage)
             ... in the Dungeon (Sprint V: "Ziggurat Sprint").
             The game lasted 00:10:23 (1305 turns).

HallandMoats the End of an Era (Octopode Monk)      Turns: 1305, Time: 00:10:23

Health: -4/119     AC:  5    Str: 22    XL:     14   Next: 2%
Magic:  21/28      EV: 29    Int:  9    God:    Qazlal [******]
Gold:   0          SH: 42    Dex: 31    Spells: 13/13 levels left

rFire   + . .        v - +16 obsidian axe {drain, demonic, Mesm Drain Fly SInv}
rCold   + + .        y - +18 shield of the Gong {Loud rN+ Will+ rCorr EV-5}
rNeg    + + .        (helmet restricted)
rPois   +            a - amulet of regeneration
rElec   +            J - ring "Quetys" {EV+5 Str+4}
rCorr   +            B - +6 ring of strength
SInv    +            w - +6 ring of dexterity
Will    ++...        x - +6 ring of dexterity
Stlth   +            K - ring "Hinut" {rF+ rC+ Slay+2}
HPRegen 1.19/turn    C - ring of Necam {rPois rF+ rN+ Int-5 Dex+3 SInv}
MPRegen 0.21/turn    D - +4 ring of protection
                     H - ring of Galet {Ice rElec Slay+2}

%: no teleportation, repel missiles
@: flying, mesmerised, studying Transmutations
A: almost no armour, amphibious, 8 rings, camouflage 1, gelatinous body 1,
(nimble swimmer 1), tentacles
a: Renounce Religion, Upheaval, Elemental Force, Disaster Area


You were in the Dungeon.
You worshipped Qazlal.
Qazlal was exalted by your worship.
You visited 1 branch

Inventory:

Hand Weapons
 b - the +9 staff of Olgreb {rPois∞}
   (You found it in the Dungeon)

   It enhances your poison magic.
   It grants immunity to poison.
   It can be activated via the 'a'bility menu to radiate toxic energy, with
   effectiveness depending on Evocations skill.
 m - the +5 glaive of the Guard {elec, spectral, AC+5}
   (You found it in the Dungeon)

   AC:        It affects your AC (+5).
 v - the +16 obsidian axe (weapon) {drain, demonic, Mesm Drain Fly SInv}
   (You found it in the Dungeon)

   Mesm:      Its wielder is mesmerised by any visible foes, and it cannot be
   unequipped while any foes are visible.
   SInv:      It lets you see invisible.
   Fly:       It grants you flight.
   Drain:     It drains your maximum health when unequipped.
Armour
 y - the +18 shield of the Gong (worn) {Loud rN+ Will+ rCorr EV-5}
   (You found it in the Dungeon)

   Loud:      It is deafeningly noisy when blocking attacks.
   EV:        It affects your evasion (-5).
   rN:        It protects you from negative energy.
   rCorr:     It protects you from acid and corrosion.
   Will:      It increases your willpower.
Jewellery
 a - an amulet of regeneration (around mantle)
 w - a +6 ring of dexterity (on tentacle)
 x - a +6 ring of dexterity (on tentacle)
 B - a +6 ring of strength (right tentacle)
 C - the ring of Necam (on tentacle) {rPois rF+ rN+ Int-5 Dex+3 SInv}
   (You found it in the Dungeon)

   [ring of see invisible]

   Int:       It affects your intelligence (-5).
   Dex:       It affects your dexterity (+3).
   rF:        It protects you from fire.
   rPois:     It protects you from poison.
   rN:        It protects you from negative energy.
   SInv:      It lets you see invisible.
 D - a +4 ring of protection (on tentacle)
 H - the ring of Galet (on tentacle) {Ice rElec Slay+2}
   (You found it in the Dungeon)

   [ring of ice]

   It enhances your ice magic.
   Slay:      It affects your accuracy & damage with ranged weapons and melee
   (+2).
   rF:        It makes you vulnerable to fire.
   rC:        It protects you from cold.
   rElec:     It insulates you from electricity.
 J - the ring "Quetys" (left tentacle) {EV+5 Str+4}
   (You found it in the Dungeon)

   [ring of evasion]

   EV:        It affects your evasion (+5).
   Str:       It affects your strength (+4).
 K - the ring "Hinut" (on tentacle) {rF+ rC+ Slay+2}
   (You acquired it in the Dungeon)

   [ring of protection from fire]

   Slay:      It affects your accuracy & damage with ranged weapons and melee
   (+2).
   rF:        It protects you from fire.
   rC:        It protects you from cold.
Talismans
 E - a dragon-blood talisman
Wands
 c - a wand of digging (16)
 s - a wand of mindburst (7)
 t - a wand of iceblast (22)
 u - a wand of light (15)
 z - a wand of charming (30)
 G - a wand of flame (9)
 I - a wand of polymorph (7)
Scrolls
 i - 4 scrolls of blinking
 o - 4 scrolls of amnesia
 p - 7 scrolls of fog
 q - 5 scrolls of identify
 r - 2 scrolls of fear
 A - 4 scrolls of enchant weapon
 F - 4 scrolls of brand weapon
Potions
 d - 10 potions of curing
 e - 3 potions of heal wounds
 f - 4 potions of haste
 g - 6 potions of magic
 h - 3 potions of berserk rage
 j - 2 potions of brilliance
 k - a potion of invisibility
 l - 3 potions of resistance
 n - 4 potions of might


   Skills:
 * Level 19.1 Fighting
 + Level 14.3 Axes
 + Level 14.3 Dodging
 + Level 13.5 Shields
 * Level 21.6 Invocations
 + Level 9.7 Shapeshifting


You had 13 spell levels left.
You didn't know any spells.
Your spell library contained the following spells:

 Spells                   Type           Power      Damage    Failure   Level
 Apportation              Tloc           0%         N/A       54%         1
 Foxfire                  Conj/Fire      0%         2x1d4     54%         1
 Sandblast                Erth           0%         2d4       54%         1
 Slow                     Hex            0%         N/A       54%         1
 Cigotuvi's Dreadful Rot  Necr/Pois/Air  0%         N/A       69%         2
 Ensorcelled Hibernation  Hex/Ice        0%         N/A       69%         2
 Poisonous Vapours        Pois/Air       0%         N/A       69%         2
 Static Discharge         Conj/Air       0%         2-2/arc   69%         2
 Sublimation of Blood     Necr           0%         N/A       69%         2
 Wereblood                Tmut           0%         N/A       69%         2
 Confusing Touch          Hex            0%         N/A       89%         3
 Hailstorm                Conj/Ice       0%         3d3       89%         3
 Vampiric Draining        Necr           0%         2d6       89%         3
 Vhi's Electric Charge    Tloc/Air       0%         N/A       89%         3
 Fulminant Prism          Conj/Hex       0%         3d5       100%        4
 Manifold Assault         Tloc           0%         N/A       100%        4
 Olgreb's Toxic Radiance  Pois           0%         N/A       100%        4
 Petrify                  Tmut/Erth      0%         N/A       100%        4
 Summon Ice Beast         Ice/Summ       0%         N/A       100%        4
 Alistair's Intoxication  Tmut/Pois      0%         N/A       100%        5
 Arcjolt                  Conj/Air       0%         1d10      100%        5
 Irradiate                Conj/Tmut      0%         3d11      100%        5
 Metabolic Englaciation   Hex/Ice        0%         N/A       100%        5
 Dispersal                Tloc           0%         N/A       100%        6
 Plasma Beam              Fire/Air       0%         2x1d10    100%        6
 Simulacrum               Ice/Necr       0%         N/A       100%        6
 Starburst                Conj/Fire      0%         6d3       100%        6
 Disjunction              Tloc           0%         N/A       100%        8
 Chain Lightning          Conj/Air       0%         N/A       100%        9
 Fire Storm               Conj/Fire      0%         5d1       100%        9
 Shatter                  Erth           0%         3d5*      100%        9


Dungeon Overview and Level Annotations

Branches:
Dungeon (1/1)

Altars:
Ashenzari
Cheibriados
Dithmenos
Elyvilon
Fedhas
Gozag
Hepliaklqana
Kikubaaqudgha
Makhleb
Nemelex Xobeh
Okawaru
Qazlal
Ru
Sif Muna
Trog
Uskayaw
Vehumet
Wu Jian
Xom
Yredelemnul
Zin
The Shining One
Jiyva
Lugonu


Innate Abilities, Weirdness & Mutations

You cannot wear most types of armour.
You are amphibious.
You can wear up to eight rings at the same time.
Your skin changes colour to match your surroundings (Stealth+).
Your rubbery body absorbs attacks. (AC +1, EV +1)
((You are camouflaged when in or above water. (Stealth+)))
You have tentacles for arms and can constrict up to eight enemies at once.


Message History

GONNNNG!
You block the iron golem's attack.
SHROANNG!
You slash the iron golem!
The iron golem is severely damaged.
The iron golem hits you!! You block the iron golem's attack.
SHROANNG!
Unknown command.
You hit the iron golem.
You tentacle-slap the iron golem, but do no damage.
The iron golem is severely damaged.
You block the iron golem's attack.
GONNNNG!
You block the iron golem's attack.
BOUMMMMG!
You hit the iron golem but do no damage.
The iron golem is severely damaged.
You feel less protected from physical attacks.
You block the iron golem's attack.
GONNNNG!
The iron golem hits you!!!
* * * LOW HITPOINT WARNING * * *
You slash the iron golem! You squeeze the iron golem.
The iron golem is almost destroyed.
You block the iron golem's attack.
GONNNNG!
You block the iron golem's attack.
PTOANNNG!
Unknown command.
You slice the iron golem!!
You squeeze the iron golem, but do no damage.
The iron golem is almost destroyed.
You block the iron golem's attack.
GONNNNG!
You block the iron golem's attack.
SHROANNG!
You chop the iron golem into pieces!!!
The iron golem is almost destroyed.
You feel much better. The iron golem hits you!!!
You die...

▓...[[)))}
▓..[:}).)../..▓...).|[.)
▓....)†.......▓.."...†..
▓....)....[...▓.....†...
▓.....[.......▓.........
▓....."≈..)...▓.........
▓......°○☼....▓..▓.....▓
▓......§9☼....▓.▓.▓...▓.
▓..▓..○@°§.▓..▓..▓.....▓
▓....°........▓..≈..©...
▓.......§§....▓▓▓▓▓▓▓▓▓▓
▓......©......▓...|8©8..
▓▓▓▓▓▓▓▓▓▓▓▓▓▓▓.......|.
▓...||.... ▓......)".
▓......... ▓.........


You could see an iron golem (mesmerising).

Vanquished Creatures
  A pandemonium lord (D)
  A caustic shrike (D)
  6 ancient champions (D)
  An azure jelly (D)
  A rockslime (D)
  A nagaraja (D)
  A ghoul (D)
  A vampire knight (D)
  4 war gargoyles (D)
  2 great orbs of eyes (D)
  A rakshasa (D)
  Erolcha (D)
  Erica (D)
  An anaconda (D)
  A vampire mage (D)
  A death yak (D)
  A soul eater (D)
  A skyshark (D)
  2 crystal echidnas (D)
  A sixfirhy (D)
  2 necromancers (D)
  2 black mambas (D)
  2 smoke demons (D)
  A tormentor (D)
  4 komodo dragons (D)
  An ice devil (D)
  2 hellwings (D)
  A red devil (D)
  2 guardian mummies (D)
  A raiju (D)
  2 tarantellas (D)
  3 blink frogs (D)
  A flying skull (D)
  3 shadows (D)
  A jumping spider (D)
  4 slime creatures (D)
  A ynoxinul (D)
  2 yaks (D)
  A wraith (D)
  Sigmund (D)
  A golden eye (D)
  A basilisk (D)
  Edmund (D)
  2 nagas (D)
  A hell hound (D)
  2 water moccasins (D)
  A black bear (D)
  2 phantoms (D)
  Blork the orc (D)
  A necrophage (D)
  4 scorpions (D)
  2 wights (D)
  Dowan (D)
  A crimson imp (D)
  A quasit (D)
  Crazy Yiuf (D)
  4 iron imps (D)
  2 jellies (D)
  Jessica (D)
  A mummy (D)
  2 adders (D)
  A shadow imp (D)
  2 white imps (D)
  An ufetubus (D)
  2 adder zombies (D)
  2 adder simulacra (D)
  4 ball pythons (D)
  A bat skeleton (D)
  2 bat zombies (D)
  2 endoplasms (D)
  2 giant cockroach zombies (D)
119 creatures vanquished.

Vanquished Creatures (collateral kills)
  2 pandemonium lords (D)
  A green death (D)
  Duvessa (D)
  2 scorpions (D)
  A ball python (D)
7 creatures vanquished.

Vanquished Creatures (others)
  A bat zombie (D)
  A ball python zombie (D)
2 creatures vanquished.

Grand Total: 128 creatures vanquished

Notes
Turn   | Place    | Note
-------+----------+-------------------------------------------
     0 | D        | HallandMoats the Octopode Monk began the quest for the Orb.
     0 | D        | Reached XP level 1. HP: 16/16 MP: 1/1
     2 | D        | Found a shimmering blue altar of Sif Muna.
     2 | D        | Found a sacrificial altar of Ru.
     2 | D        | Found a bloodstained altar of Trog.
     2 | D        | Found a stormy altar of Qazlal.
     2 | D        | Found an iron altar of Okawaru.
     2 | D        | Found a sparkling altar of Nemelex Xobeh.
     2 | D        | Found a blossoming altar of Fedhas.
     2 | D        | Found the +6 Majin-Bo {spellvamp, MP+6 Int+6}
     2 | D        | Found the +27 heavy crossbow "Sniper" {heavy, Acc+∞ SInv}
     2 | D        | Found the +10 dark maul {heavy}
     2 | D        | Found the +15 Maxwell's patent armour {-Cast -Tele rElec
                  | Will+ rCorr}
     2 | D        | Found the +18 shield of the Gong {Loud rN+ Will+ rCorr
                  | EV-5}
     2 | D        | Found the +16 obsidian axe {drain, demonic, Mesm Drain Fly
                  | SInv}
     2 | D        | Found the +7 great mace "Firestarter" {flame, immolate,
                  | rFlCloud rF++}
     2 | D        | Found the +6 shillelagh "Devastator" {shatter}
     2 | D        | Found the +11 plutonium sword {Contam Stlth-}
     2 | D        | Found the +8 lance "Wyrmbane" {slay drac, rPois rF+ rC+
                  | AC+3}
     2 | D        | Found the +9 sword of Zonguldrok {reap}
     2 | D        | Found the +13 scythe of Curses {drain, curses, Drain}
     2 | D        | Found the +9 sword of Power {lifebolt}
     2 | D        | Found the +7 mace of Variability {chaos, chaos arc}
     2 | D        | Found the +11 Singing Sword {sonic wave}
     2 | D        | Found the +8 storm bow {elec, penet}
     4 | D        | Found a transporter.
     4 | D        | Found an ancient bone altar of Kikubaaqudgha.
     4 | D        | Found a viscous altar of Jiyva.
     4 | D        | Found a corrupted altar of Lugonu.
     4 | D        | Found a hazy altar of Hepliaklqana.
     4 | D        | Found a burning altar of Makhleb.
     4 | D        | Found an opulent altar of Gozag.
    35 | D        | Became a worshipper of Qazlal Stormbringer
    35 | D        | Reached * piety under Qazlal
    35 | D        | Reached ** piety under Qazlal
    82 | D        | Reached skill level 8 in Invocations
    82 | D        | Reached XP level 2. HP: 21/21 MP: 1/7
   142 | D        | Entered arena 2.
   142 | D        | Noticed a phantom
   142 | D        | Found a transporter.
   146 | D        | Killed a phantom
   147 | D        | Reached XP level 3. HP: 27/27 MP: 8/8
   147 | D        | Reached XP level 4. HP: 34/34 MP: 10/10
   159 | D        | Entered arena 3.
   159 | D        | Noticed a phantom
   159 | D        | Found a transporter.
   163 | D        | Killed a phantom
   163 | D        | Reached *** piety under Qazlal
   164 | D        | Reached skill level 5 in Fighting
   164 | D        | Reached skill level 9 in Invocations
   164 | D        | Reached XP level 5. HP: 33/39 MP: 12/12
   169 | D        | Got the Anthology of the Bane
   206 | D        | Entered arena 4.
   206 | D        | Found a transporter.
   209 | D        | Reached **** piety under Qazlal
   215 | D        | Got Fapih's First Steps in Sorcery
   217 | D        | Entered arena 5.
   217 | D        | Noticed a tarantella
   217 | D        | Noticed a tarantella
   217 | D        | Noticed a jumping spider
   217 | D        | Found a transporter.
   219 | D        | Killed a tarantella
   220 | D        | Reached skill level 5 in Axes
   220 | D        | Reached skill level 5 in Dodging
   220 | D        | Reached skill level 10 in Invocations
   220 | D        | Reached XP level 6. HP: 49/49 MP: 14/14
   220 | D        | Killed a jumping spider
   221 | D        | Reached skill level 11 in Invocations
   221 | D        | Reached XP level 7. HP: 54/54 MP: 15/15
   221 | D        | Killed a tarantella
   221 | D        | Reached ***** piety under Qazlal
   222 | D        | Reached skill level 5 in Shields
   237 | D        | Entered arena 6.
   237 | D        | Found a transporter.
   240 | D        | Reached skill level 12 in Invocations
   240 | D        | Reached XP level 8. HP: 63/63 MP: 15/17
   246 | D        | Got the ring of Uselenal {Fly Str+3}
   251 | D        | Entered arena 7.
   252 | D        | Found a transporter.
   271 | D        | Entered arena 8.
   271 | D        | Noticed a guardian mummy
   271 | D        | Noticed a guardian mummy
   271 | D        | Noticed a flying skull
   272 | D        | Reached ****** piety under Qazlal
   272 | D        | Killed a guardian mummy
   272 | D        | Killed a guardian mummy
   273 | D        | Reached skill level 10 in Fighting
   273 | D        | Reached skill level 13 in Invocations
   273 | D        | Found a transporter.
   276 | D        | Killed a flying skull
   277 | D        | Reached XP level 9. HP: 71/71 MP: 9/19
   281 | D        | Got the ring of Necam {rPois rF+ rN+ Int-5 Dex+3 SInv}
   436 | D        | Entered arena 9.
   437 | D        | Found a transporter.
   451 | D        | Got the Almanac of Outbursts
   560 | D        | Entered arena 10.
   560 | D        | Noticed a rakshasa
   560 | D        | Noticed a smoke demon
   561 | D        | Killed a smoke demon
   562 | D        | Reached skill level 14 in Invocations
   562 | D        | Reached skill level 1 in Shapeshifting
   562 | D        | Found a transporter.
   567 | D        | Killed a rakshasa
   568 | D        | Reached XP level 10. HP: 70/80 MP: 12/20
   614 | D        | Entered arena 11.
   614 | D        | Noticed Sigmund
   614 | D        | Noticed Jessica
   614 | D        | Noticed Blork the orc
   614 | D        | Noticed Crazy Yiuf
   614 | D        | Noticed Dowan
   614 | D        | Noticed Duvessa
   614 | D        | Noticed Edmund
   614 | D        | Noticed Erica
   614 | D        | Noticed Erolcha
   615 | D        | Found a transporter.
   617 | D        | Killed Jessica
   619 | D        | Killed Edmund
   619 | D        | Killed Blork the orc
   620 | D        | Killed Erolcha
   621 | D        | Reached skill level 15 in Invocations
   622 | D        | Killed Erica
   623 | D        | Killed Crazy Yiuf
   624 | D        | Killed Duvessa
   625 | D        | Killed Dowan
   627 | D        | Killed Sigmund
   640 | D        | Got the ring of Galet {Ice rElec Slay+2}
   688 | D        | Entered arena 12.
   688 | D        | Found the +7 Spriggan's Knife {stab, EV+4 Stlth+}
   688 | D        | Noticed a black mamba
   688 | D        | Noticed an anaconda
   689 | D        | Noticed a nagaraja
   690 | D        | Found a transporter.
   693 | D        | Killed a black mamba
   694 | D        | Killed an anaconda
   694 | D        | Killed a nagaraja
   695 | D        | Reached skill level 10 in Axes
   695 | D        | Reached skill level 10 in Dodging
   695 | D        | Reached skill level 16 in Invocations
   695 | D        | Reached XP level 11. HP: 39/89 MP: 13/23
   750 | D        | Got the ring "Quetys" {EV+5 Str+4}
   865 | D        | Acquired the ring "Hinut" {rF+ rC+ Slay+2}
   874 | D        | Entered arena 13.
   874 | D        | Found the +5 glaive of the Guard {elec, spectral, AC+5}
   874 | D        | Noticed Les Refe the pandemonium lord
   874 | D        | Noticed a soul eater
   874 | D        | Noticed a green death
   876 | D        | Reached skill level 5 in Shapeshifting
   876 | D        | Noticed a sixfirhy
   880 | D        | Noticed Lang the pandemonium lord
   880 | D        | Noticed Hequuh the pandemonium lord
   888 | D        | Killed Les Refe the pandemonium lord
   888 | D        | Killed a soul eater
   889 | D        | Reached skill level 10 in Shields
   889 | D        | Reached skill level 17 in Invocations
   889 | D        | Killed a sixfirhy
   891 | D        | Killed a green death
   892 | D        | Reached skill level 15 in Fighting
   895 | D        | Killed Hequuh the pandemonium lord
   896 | D        | Reached skill level 18 in Invocations
   896 | D        | Reached XP level 12. HP: 61/99 MP: 6/25
   897 | D        | Killed Lang the pandemonium lord
   960 | D        | Found a transporter.
  1006 | D        | Entered arena 14.
  1006 | D        | Noticed a ghoul
  1007 | D        | Noticed a vampire knight
  1007 | D        | Identified the +12 whip of Hauzyh {pain, rCorr}
  1008 | D        | Noticed a vampire mage
  1008 | D        | Found the +9 staff of Olgreb {rPois∞}
  1010 | D        | Killed a vampire mage
  1010 | D        | Killed a ghoul
  1010 | D        | Killed a vampire knight
  1011 | D        | Reached skill level 19 in Invocations
  1011 | D        | Found a transporter.
  1202 | D        | Entered arena 15.
  1202 | D        | Noticed an azure jelly
  1202 | D        | Noticed a great orb of eyes
  1202 | D        | Noticed a rockslime
  1203 | D        | Noticed a great orb of eyes
  1205 | D        | Killed a great orb of eyes
  1205 | D        | Killed a great orb of eyes
  1205 | D        | Killed an azure jelly
  1205 | D        | Killed a rockslime
  1206 | D        | Reached XP level 13. HP: 108/108 MP: 17/26
  1206 | D        | Found a transporter.
  1222 | D        | Got the Compendium of Noxious Transmigration
  1224 | D        | Got the Guidebook on Configuration and the Crevasse
  1251 | D        | Entered arena 16.
  1255 | D        | Reached skill level 20 in Invocations
  1255 | D        | Found a transporter.
  1276 | D        | Entered arena 17.
  1277 | D        | Noticed a war gargoyle
  1278 | D        | Noticed a war gargoyle
  1278 | D        | Noticed an ancient champion
  1278 | D        | Noticed an iron golem
  1278 | D        | Noticed a caustic shrike
  1279 | D        | Noticed a war gargoyle
  1279 | D        | Noticed a war gargoyle
  1279 | D        | Noticed an ancient champion
  1279 | D        | Noticed an ancient champion
  1279 | D        | Noticed an ancient champion
  1279 | D        | Noticed an ancient champion
  1280 | D        | Killed a war gargoyle
  1280 | D        | Killed a war gargoyle
  1280 | D        | Killed an ancient champion
  1280 | D        | Killed a war gargoyle
  1280 | D        | Killed a caustic shrike
  1281 | D        | Killed a war gargoyle
  1281 | D        | Killed an ancient champion
  1281 | D        | Killed an ancient champion
  1281 | D        | Killed an ancient champion
  1282 | D        | Reached skill level 21 in Invocations
  1284 | D        | Noticed an ancient champion
  1285 | D        | Killed an ancient champion
  1285 | D        | Killed an ancient champion
  1286 | D        | Reached XP level 14. HP: 86/119 MP: 17/28
  1301 | D        | HP: 3/119 [iron golem (41)]
  1305 | D        | Slain by an iron golem

Illustrated notes

Levels and vault maps discovered:
D:        sprint_v [room_start, room_1, room_2, room_3, room_4, room_5, room_6,
          room_7, room_8, room_9, room_10, room_11, room_12, room_13, room_14,
          room_15, room_16, room_17, room_18, room_19, room_20, room_21,
          room_22, room_23, room_24, room_25, room_26, room_27]

Skill      XL: |  1  2  3  4  5  6  7  8  9 10 11 12 13 |
---------------+----------------------------------------+-----
Invocations    | 8 9 10 11 12 13 14 16 18 19 21 | 21.6
Fighting       | 4 5 7 8 10 11 13 15 17 19 | 19.1
Shields        | 2 3 4 5 6 8 9 10 12 13 | 13.5
Axes           | 4 5 6 7 9 10 11 12 14 | 14.3
Dodging        | 4 5 6 7 9 10 11 12 14 | 14.3
Shapeshifting  | 2 4 6 8 9 |  9.7

Action                     |  1- 3 |  4- 6 |  7- 9 | 10-12 | 13-15 || total
---------------------------+-------+-------+-------+-------+-------++-------
  Melee: Broad axe         |     3 |     5 |    17 |    23 |    20 ||    68
         Tentacles         |     2 |     1 |     2 |     7 |     9 ||    21
         Constrict         |       |       |     4 |     2 |       ||     6
         Punch             |       |       |       |       |     2 ||     2
 Invoke: Disaster Area     |       |       |     2 |     6 |     4 ||    12
         Elemental Force   |       |       |       |     1 |       ||     1
    Use: Potion            |     1 |       |       |    10 |     4 ||    15
         Scroll            |       |       |       |     1 |       ||     1
   Stab: Distracted        |       |       |       |     1 |       ||     1
 Armour: Skin              |       |       |       |     2 |       ||     2
  Dodge: Dodged            |       |     2 |     3 |     9 |     3 ||    17
  Block: Kite shield       |     5 |    15 |    27 |    38 |    26 ||   111

Table legend: (Time is in decaauts)
 A = Elapsed time spent in this place.
 B = Non-inter-level travel time spent in this place.
 C = Inter-level travel time spent in this place.
 D = Time resting spent in this place.
 E = Time spent auto-exploring this place.
 F = Levels seen in this place.
 G = Mean time per level.
                   A        B        C        D        E       F      G
               +--------+--------+--------+--------+--------+-----+--------+
         Total |   1272 |   1272 |      0 |    802 |      0 |   1 | 1272.0 |
       Dungeon |   1272 |   1272 |      0 |    802 |      0 |   1 | 1272.0 |
               +--------+--------+--------+--------+--------+-----+--------+

Top non-repeatable levels by time:
       D: 1272 daAuts
